 Dungeon Crawl Stone Soup version 0.28-a0-895-g6e5f11bd55 (webtiles) character file.

Game seed: 12405130424268985664

3709 vineage the Fighter (level 10, -7/69 HPs)
             Began as a Gargoyle Fighter on Nov 22, 2021.
             Was a Follower of Okawaru.
             Mangled by a boulder beetle (41 damage)
             ... on level 8 of the Dungeon.
             The game lasted 00:09:20 (8228 turns).

vineage the Fighter (Gargoyle Fighter)              Turns: 8228, Time: 00:09:20

Health: -7/69      AC: 19    Str: 22    XL:     10   Next: 14%
Magic:  10/10      EV:  8    Int:  6    God:    Okawaru [*.....]
Gold:   457        SH: 11    Dex: 11    Spells: 9/9 levels left

rFire   + + .      SeeInvis .   c - +6 long sword of Toell {freeze, rF++ rN+++ rCorr Int-2}
rCold   . . .      Faith    .   h - +1 kite shield
rNeg    + + +      Spirit   .   b - +0 scale mail
rPois   ∞          Reflect  .   u - +0 helmet
rElec   +          Harm     .   r - +0 cloak
rCorr   +          Rampage  .   m - +0 pair of gloves
Will    .....                   (no boots)
Stlth   ..........              (no amulet)
HPRegen 0.21/turn               g - ring of resist corrosion
MPRegen 0.12/turn               (no ring)

@: mighty
A: sickness immunity, AC +7, negative energy resistance 1, electricity
resistance, torment resistance 1, petrification resistance
a: Renounce Religion, Heroism


You were on level 8 of the Dungeon.
You worshipped Okawaru.
Okawaru was aware of your devotion.
You visited 2 branches of the dungeon, and saw 9 of its levels.

You collected 457 gold pieces.

Inventory:

Hand Weapons
 a - a +1 flail
 c - the +6 long sword of Toell (weapon) {freeze, rF++ rN+++ rCorr Int-2}
   (You found it on level 4 of the Dungeon)

   It freezes those it strikes, dealing additional cold damage.
   It can also slow down cold-blooded creatures.
   Int:       It affects your intelligence (-2).
   rF:        It greatly protects you from fire.
   rN:        It renders you almost immune to negative energy.
   rCorr:     It protects you from acid and corrosion.
Missiles
 v - 2 throwing nets (quivered)
Armour
 b - a +0 scale mail (worn)
 h - a +1 kite shield (worn)
 m - a +0 pair of gloves (worn)
 r - a +0 cloak (worn)
 u - a +0 helmet (worn)
Jewellery
 g - a ring of resist corrosion (left hand)
Wands
 p - a wand of flame (16)
Scrolls
 n - 2 scrolls of amnesia
Potions
 d - 3 potions of might
 e - 2 potions of haste
 f - a potion of brilliance {unknown}
 i - a potion of curing {unknown}
 j - 2 potions of mutation
 k - 2 potions of degeneration
 o - 2 potions of flight {unknown}
 q - 2 potions of attraction {unknown}
 s - a potion of lignification {unknown}
 t - a potion of invisibility {unknown}
 w - a potion of resistance {unknown}


   Skills:
 * Level 11.1 Fighting
 * Level 1.8 Long Blades
 - Level 3.3 Maces & Flails
 + Level 8.3 Armour
 + Level 8.2 Shields


You had 9 spell levels left.
You didn't know any spells.
Your spell library contained the following spells:

 Spells                   Type           Power      Damage    Failure   Level
 Passwall                 Tmut/Erth      0%         N/A       99%         2
 Swiftness                Air            0%         N/A       100%        3
 Freezing Cloud           Conj/Ice/Air   0%         6-21      100%        5
 Polar Vortex             Ice            0%         N/A       100%        9
 Simulacrum               Ice/Necr       Unusable   N/A       N/A         6

Dungeon Overview and Level Annotations

Branches:
Dungeon (8/15)             Temple (1/1) D:4            Lair (0/6) D:8

Altars:
Fedhas
Hepliaklqana
Kikubaaqudgha
Makhleb
Okawaru
Ru
Sif Muna
Trog
Yredelemnul

Annotations:
D:7 3 runed translucent doors, bmj180's ghost, novice DrCj


Innate Abilities, Weirdness & Mutations

You are immune to sickness and miasma.
Your stone body is resilient. (AC +7)
You are immune to poison.
You resist negative energy. (rN+)
You are resistant to electric shocks. (rElec)
You are resistant to unholy torment.
You are immune to petrification.


Message History

You hit the boulder beetle but do no damage.
The boulder beetle is lightly wounded.
You block the boulder beetle's attack.
You hit the boulder beetle but do no damage.
The boulder beetle is lightly wounded.
The boulder beetle waves its antennae.
The boulder beetle barely misses you.
The boulder beetle leaps!
The boulder beetle bites you!!
You are too injured to fight recklessly!
You are too injured to fight recklessly!
You are too injured to fight recklessly!
You are too injured to fight recklessly!
You are too injured to fight recklessly!
You are too injured to fight recklessly!
You are too injured to fight recklessly!
You are too injured to fight recklessly!
You are too injured to fight recklessly!
You are too injured to fight recklessly!
You are too injured to fight recklessly!
You are too injured to fight recklessly!
You are too injured to fight recklessly!
You are too injured to fight recklessly!
You are too injured to fight recklessly!
You hit the boulder beetle but do no damage.
The boulder beetle is lightly wounded.
The boulder beetle closely misses you.
You feel very mighty all of a sudden. The boulder beetle bites you.
You hit the boulder beetle but do no damage.
The boulder beetle is lightly wounded.
The boulder beetle bites you! x2
* * * LOW HITPOINT WARNING * * *
You feel much better.
The boulder beetle bites you but does no damage.
Okay, then.
The boulder beetle bites you but does no damage.
The boulder beetle curls into a ball and begins rolling!
The boulder beetle hits you!!!
Ouch! That really hurt!
You die...

#....##...
....+..#.#..
#....##.###..##
#.#..'.# #.†...>...<#
#....### #.##.#.#...#
##'### #.##°#.# ..#
#...# #.##°#.# ##
#.#.# ##...○#.#
#.#.#### #....B#.#
#.#.#.. #....@#..
#.#.#.#
#.....#######.#.#.#.#
#....>'.............#
#.....############.##
#.....# #######..##
#.....# #.........)
#.....# ####.#.####.##
#.....###P......###).#
#.....#....P.P...###.#


You could see a boulder beetle (rolling).

Vanquished Creatures
  Prince Ribbit (D:7)
  An acid dragon (D:8)
  Duvessa (D:6)
  3 water moccasins
  A black bear (D:8)
  An ice beast (D:6)
  2 sky beasts
  A necrophage (D:5)
  An orc warrior (D:8)
  3 centaurs
  An ogre (D:5)
  A phantom (D:6)
  2 kobold brigands
  4 bullfrogs
  3 scorpions
  A water moccasin zombie (D:5)
  A water moccasin skeleton (D:5)
  Dowan (D:6)
  5 killer bees (D:4)
  2 vampire bats (D:4)
  7 wights
  A bullfrog zombie (D:5)
  An orc priest (D:5)
  2 jellies
  A bullfrog skeleton (D:4)
  2 hounds (D:6)
  3 iguanas
  6 orc wizards
  A scorpion zombie (D:5)
  7 adders
  4 gnolls (D:5)
  2 howler monkey skeletons (D:4)
  4 white imps
  3 worms (D:3)
  A dart slug (D:5)
  17 orcs
  8 bats
  5 endoplasms
  A giant cockroach (D:2)
  6 hobgoblins
  4 jackals (D:5)
  5 quokkas
  6 ball pythons
  3 frilled lizards
  9 goblins
  19 kobolds
  3 rats
167 creatures vanquished.

Vanquished Creatures (others)
  4 fungi (D:8)
  9 plants (D:8)
13 creatures vanquished.

Grand Total: 180 creatures vanquished

Notes
Turn   | Place    | Note
-------+----------+-------------------------------------------
     0 | D:1      | vineage the Gargoyle Fighter began the quest for the Orb.
     0 | D:1      | Reached XP level 1. HP: 14/14 MP: 1/1
   357 | D:1      | Reached XP level 2. HP: 17/19 MP: 2/2
   827 | D:1      | Found a faded altar of an unknown god.
  1389 | D:2      | Reached XP level 3. HP: 24/24 MP: 3/3
  2374 | D:3      | Reached skill level 4 in Fighting
  2374 | D:3      | Reached XP level 4. HP: 26/29 MP: 4/4
  3080 | D:4      | Identified the +6 long sword of Toell {freeze, rF++ rN+++
                  | rCorr Int-2}
  3129 | D:4      | Reached XP level 5. HP: 33/33 MP: 5/5
  3154 | D:4      | Found a sacrificial altar of Ru.
  3211 | D:4      | Found a staircase to the Ecumenical Temple.
  3270 | D:4      | Reached skill level 5 in Fighting
  3270 | D:4      | Reached XP level 6. HP: 25/40 MP: 6/6
  3331 | D:4      | HP: 2/40 [killer bee (7)]
  3897 | D:4      | Reached skill level 6 in Fighting
  3897 | D:4      | Reached XP level 7. HP: 46/46 MP: 7/7
  3952 | D:4      | Reached skill level 5 in Armour
  3952 | D:4      | Reached skill level 5 in Shields
  4082 | D:5      | Entered Level 5 of the Dungeon
  4391 | D:5      | Reached skill level 7 in Fighting
  4535 | D:5      | Reached XP level 8. HP: 48/53 MP: 8/8
  5114 | D:5      | Reached skill level 8 in Fighting
  5570 | D:6      | Noticed Duvessa
  5573 | D:6      | Noticed Dowan
  5596 | D:6      | Killed Duvessa
  5601 | D:6      | Reached skill level 9 in Fighting
  5601 | D:6      | Reached XP level 9. HP: 38/60 MP: 9/9
  5602 | D:6      | Killed Dowan
  6341 | D:7      | Noticed a deep elf pyromancer
  6342 | D:7      | Noticed bmj180's ghost (novice DrCj)
  6351 | D:7      | Found a runed translucent gate.
  6351 | D:7      | Found a runed translucent gate.
  6351 | D:7      | Found a runed translucent gate.
  6553 | D:7      | Reached skill level 10 in Fighting
  6967 | D:7      | Noticed Prince Ribbit
  6988 | D:7      | Killed Prince Ribbit
  7634 | Temple   | Entered the Ecumenical Temple
  7643 | Temple   | Became a worshipper of Warmaster Okawaru
  7725 | D:8      | Found a bloodstained altar of Trog.
  7729 | D:8      | Found a hazy altar of Hepliaklqana.
  8011 | D:8      | Reached * piety under Okawaru
  8012 | D:8      | Reached XP level 10. HP: 68/68 MP: 10/10
  8065 | D:8      | Reached skill level 11 in Fighting
  8065 | D:8      | Reached skill level 1 in Long Blades
  8136 | D:8      | Found a staircase to the Lair.
  8200 | D:8      | Noticed a boulder beetle
  8228 | D:8      | Mangled by a boulder beetle

Illustrated notes

Levels and vault maps discovered:
D:1:      amcnicky_arrival_gap_in_the_tavern_cellar, layout_rooms,
          shapermc_ecumenical_altar_totnotflames, minmay_misc_feat_ornament,
          minmay_tetromino_o2
D:2:      layout_basic
D:3:      layout_rooms
D:4:      layout_cave_pools, mainiacjoe_overflow_six_doors_small,
          minmay_temple_entry_glassed_door, minmay_misc_feat_rows,
          roderic_batcave
D:5:      layout_basic
D:6:      layout_rooms, chequers_serial_rivers_micro_c, uniq_duvessa
D:7:      layout_basic, gammafunk_ghost_split, hangedman_decor_lopped,
          uniq_prince_ribbit1
D:8:      layout_basic, grunt_temple_overflow_open,
          grunt_lair_entry_orc_guard_hut, kennysheep_generic_room_14
Temple:   nicolae_temple_elliptical

Skill      XL: |  1  2  3  4  5  6  7  8  9 10 |
---------------+-------------------------------+-----
Fighting       | 4 5 6 7 9 10 11 | 11.1
Maces & Flails | 3 |  3.3
Armour         | 4 5 6 8 |  8.3
Shields        | 4 5 6 8 |  8.2
Long Blades    | 1 |  1.8

Action                   |  1- 3 |  4- 6 |  7- 9 | 10-12 || total
-------------------------+-------+-------+-------+-------++-------
Melee: Flail             |   124 |    60 |       |       ||   184
       Long sword        |       |    72 |   330 |    31 ||   433
  Use: Scroll            |     3 |     3 |     9 |       ||    15
       Potion            |       |     3 |     2 |     2 ||     7
Armor: Scale mail        |    80 |    97 |   221 |    19 ||   417
Dodge: Dodged            |    63 |    64 |   141 |     9 ||   277
Block: Buckler           |    13 |       |       |       ||    13
       Kite shield       |    13 |    81 |   219 |    17 ||   330

Table legend: (Time is in decaauts)
 A = Elapsed time spent in this place.
 B = Non-inter-level travel time spent in this place.
 C = Inter-level travel time spent in this place.
 D = Time resting spent in this place.
 E = Time spent auto-exploring this place.
 F = Levels seen in this place.
 G = Mean time per level.
                   A        B        C        D        E       F      G
               +--------+--------+--------+--------+--------+-----+--------+
         Total |   8550 |   8213 |    337 |      0 |   6615 |   9 |  950.0 |
       Dungeon |   8532 |   8213 |    319 |      0 |   6615 |   8 | 1066.5 |
        Temple |     18 |      1 |     17 |      0 |      0 |   1 |   18.0 |
               +--------+--------+--------+--------+--------+-----+--------+

Top non-repeatable levels by time:
     D:7: 1366 daAuts
     D:5: 1288 daAuts
     D:1: 1139 daAuts
     D:4: 1121 daAuts
     D:6: 1093 daAuts
     D:3: 1020 daAuts
     D:2: 969 daAuts
     D:8: 532 daAuts
  Temple: 18 daAuts
